AoeStats
← LuckyFox

Hill Fort

505430992Analyzed
4v4 RM · 23d ago on Sep 9, 2026· 95m 0s· 8 players
Game mode
Random Map
Map size
Large (8 player)
Population
200
Speed
Normal
Resources
Standard
Victory
Conquest
Starting age
Dark Age
Ending age
Imperial Age
RankedLock teamsTeams togetherTeam positionsShared explorationLock speedFull tech treeHidden civsTurbo modeCheats
Victory
Defeat
🇲🇽 Khmer · Mexico
835
+12
🇺🇾 Ethiopians · Uruguay
820
+13
🇹🇷 Chinese · Türkiye
747
+16
🇨🇱 Berbers · Chile
634
+20
🇨🇳 Malay · China
761
-16
🇷🇺 Portuguese · Russia
751
-16
🇮🇳 Turks · India
739
-15
🇨🇳 Hindustanis · China
715
-14
7800X3D-你高贵
0:58 Loom
2:52 Loom
3:02 Loom
11:27 Feudal Age
12:56 Wheelbarrow
12:23 Double-Bit Axe
15:04 Fishing Lines
18:35 Scale Barding Armor
24:54 Castle Age
24:16 Bloodlines
24:36 Forging
24:29 Padded Archer Armor
26:02 Hand Cart
26:17 Husbandry
26:46 Gillnets
28:48 Gold Mining
28:49 Stone Mining
29:13 Bow Saw
28:57 Horse Collar
32:28 Imperial Age
30:27 Grand Trunk Road
31:08 Fortified Wall
34:15 Caravan
35:32 Two-Man Saw
34:34 Heavy Plow
35:42 Chemistry
34:53 Masonry
35:23 Chain Barding Armor
35:39 Iron Casting
35:57 Siege Elephant
37:41 Plate Barding Armor
38:07 Blast Furnace
36:56 Heavy Camel Rider
40:08 Imperial Camel Rider
46:17 Shatagni
69:04 Leather Archer Armor
83:12 Ring Archer Armor
LuckyFox
7:32 Loom
10:42 Feudal Age
12:35 Horse Collar
12:43 Double-Bit Axe
16:45 Gold Mining
16:47 Stone Mining
21:18 Castle Age
24:35 Treadmill Crane
27:42 Imperial Age
26:36 Fervor
29:57 Conscription
33:20 Chemistry
32:22 Murder Holes
38:21 Elite Organ Gun
39:04 Arquebus
41:45 Bombard Tower
43:41 Wheelbarrow
51:23 Thumb Ring
61:01 Padded Archer Armor
68:57 Leather Archer Armor
68:45 Town Watch
72:05 Guard Tower
72:37 Ballistics
76:28 Masonry
76:24 Siege Engineers
77:03 Keep
81:18 Hand Cart
89:19 Ring Archer Armor
88:40 Fletching
89:13 Circumnavigation
92:00 Bodkin Arrow
Nightshade
0:37 Loom
12:38 Feudal Age
14:59 Fishing Lines
18:46 Wheelbarrow
19:36 Town Watch
19:40 Double-Bit Axe
19:38 Horse Collar
19:51 Gold Mining
25:10 Castle Age
23:23 Stone Mining
23:56 Forging
23:33 Man-at-Arms
25:10 Hand Cart
25:18 Gillnets
25:02 Long Swordsman
26:20 Town Patrol
26:25 Husbandry
26:53 Squires
28:03 Bow Saw
27:56 Heavy Plow
28:32 Gold Shaft Mining
28:33 Stone Shaft Mining
27:56 Pikeman
33:21 Scale Barding Armor
36:10 Stone Shaft Mining
36:38 Arson
39:29 Imperial Age
37:45 Thalassocracy
39:26 Conscription
39:09 Forced Levy
38:33 Two-Handed Swordsman
39:53 Iron Casting
41:19 Crop Rotation
41:54 Blast Furnace
40:48 Fletching
40:22 Halberdier
42:04 Masonry
41:50 Murder Holes
41:36 Treadmill Crane
44:04 Elite Battle Elephant
58:07 Bodkin Arrow
betalbaadshah
0:38 Loom
13:21 Feudal Age
14:57 Double-Bit Axe
15:03 Horse Collar
15:16 Stone Mining
15:19 Gold Mining
15:35 Fishing Lines
16:40 Wheelbarrow
16:00 Town Watch
26:39 Castle Age
28:08 Hand Cart
27:55 Town Patrol
28:11 Bow Saw
28:40 Gold Shaft Mining
27:57 Gillnets
28:14 Heavy Plow
41:26 Imperial Age
39:18 Sipahi
39:11 Forging
39:03 Padded Archer Armor
38:54 Fletching
39:10 Scale Barding Armor
39:08 Scale Mail Armor
42:30 Conscription
43:06 Elite Janissary
48:08 Hoardings
47:34 Artillery
50:16 Leather Archer Armor
49:56 Bodkin Arrow
50:22 Chain Barding Armor
50:18 Chain Mail Armor
50:38 Iron Casting
51:10 Two-Man Saw
50:15 Caravan
50:34 Guilds
53:12 Ring Archer Armor
52:43 Bracer
53:19 Plate Barding Armor
55:07 Plate Mail Armor
55:37 Blast Furnace
Murphy
1:36 Loom
13:57 Feudal Age
21:49 Castle Age
20:28 Stone Mining
20:25 Double-Bit Axe
20:23 Horse Collar
22:34 Heavy Plow
22:46 Bow Saw
29:16 Ballistics
34:22 Imperial Age
31:57 Fletching
32:07 Padded Archer Armor
32:34 Thumb Ring
34:17 Bodkin Arrow
40:07 Caravan
40:58 Bracer
41:13 Leather Archer Armor
41:14 Gold Mining
42:36 Two-Man Saw
42:13 Wheelbarrow
44:35 Hand Cart
44:02 Elite Chu Ko Nu
46:06 Chemistry
47:00 Murder Holes
50:05 Heavy Rocket Cart
CostaldePapas
9:08 Feudal Age
10:41 Double-Bit Axe
10:46 Horse Collar
15:41 Loom
17:39 Wheelbarrow
20:48 Castle Age
24:46 Bow Saw
28:39 Hand Cart
28:12 Town Watch
28:26 Gold Mining
28:27 Stone Mining
34:53 Imperial Age
32:27 Town Patrol
35:15 Masonry
35:19 Fortified Wall
35:31 Ballistics
36:27 Forging
36:22 Scale Barding Armor
36:56 Gold Shaft Mining
36:56 Stone Shaft Mining
36:28 Tusk Swords
36:49 Conscription
37:31 Husbandry
37:41 Bloodlines
36:56 Elite Battle Elephant
38:15 Iron Casting
39:07 Chain Barding Armor
39:54 Caravan
46:45 Blast Furnace
46:20 Plate Barding Armor
49:00 Plate Barding Armor
59:25 Chemistry
58:24 Murder Holes
63:04 Hoardings
61:58 Elite Ballista Elephant
65:56 Architecture
65:35 Siege Engineers
65:48 Siege Engineers
67:17 Double Crossbow
70:05 Fletching
70:17 Padded Archer Armor
71:07 Bodkin Arrow
72:03 Bracer
75:11 Leather Archer Armor
76:17 Heavy Scorpion
78:03 Ring Archer Armor
GuzMen511
5:28 Loom
11:17 Feudal Age
12:14 Horse Collar
12:21 Double-Bit Axe
16:10 Wheelbarrow
24:17 Castle Age
22:21 Stone Mining
24:49 Gold Mining
26:57 Gold Shaft Mining
26:37 Bow Saw
26:33 Heavy Plow
27:28 Thumb Ring
26:46 Crossbowman
29:05 Crossbowman
31:53 Hand Cart
34:08 Fletching
34:18 Padded Archer Armor
36:17 Gold Shaft Mining
38:49 Imperial Age
37:25 Bodkin Arrow
37:45 Leather Archer Armor
40:42 Forging
40:35 Bracer
41:06 Ring Archer Armor
42:35 Ballistics
43:15 Chemistry
44:52 Masonry
44:41 Murder Holes
44:38 Arbalester
46:06 Stone Shaft Mining
50:29 Torsion Engines
59:33 Heated Shot
70:42 Elite Shotel Warrior
76:23 Caravan
80:57 Coinage
81:25 Forging
81:16 Scale Mail Armor
83:15 Banking
89:19 Royal Heirs
Dremora
5:23 Loom
12:14 Feudal Age
12:59 Horse Collar
13:05 Double-Bit Axe
18:48 Fishing Lines
19:40 Gold Mining
24:04 Castle Age
22:52 Bloodlines
23:34 Scale Barding Armor
23:41 Forging
23:21 Fletching
24:47 Stone Mining
25:35 Gold Shaft Mining
25:14 Bow Saw
25:08 Heavy Plow
25:51 Light Cavalry
28:50 Stone Shaft Mining
28:11 Gillnets
29:24 Thumb Ring
29:11 Crossbowman
33:01 Bodkin Arrow
33:06 Padded Archer Armor
33:51 Ballistics
33:41 Fortified Wall
33:12 Treadmill Crane
33:43 Masonry
34:35 Wheelbarrow
33:46 Town Watch
36:25 Leather Archer Armor
36:32 Chain Barding Armor
36:57 Town Patrol
37:15 Hand Cart
43:03 Imperial Age
41:32 Husbandry
41:48 Kasbah
44:25 Hoardings
44:42 Crop Rotation
44:06 Pikeman
44:47 Squires
46:04 Conscription
45:47 Maghrebi Camels
47:28 Bracer
47:59 Ring Archer Armor
48:04 Plate Barding Armor
48:06 Iron Casting
46:54 Heavy Camel Rider
46:55 Cavalier
48:57 Chemistry
48:03 Siege Engineers
47:55 Murder Holes
53:47 Caravan
54:30 Elite Camel Archer
67:32 Blast Furnace
72:17 Scale Mail Armor
78:58 Elite Genitour
Connection lost

Rejoining the realm…

Still unreachable

The connection could not be restored.

Session expired

The server has moved on; the page needs a fresh start.